General information
- name: BNet
- type: Ladder team game (AT/RT)
- host: Battle.net
- saver: 6UG
map: Mur'gulOasis
- players: 8
- length: 44:38
- speed: Fast
- version: 1.26 W3XP
- replay type: Public
» download(275 KB)
Players
team 1 (loser)
MaggotFetus (
green | 48 APM | 1639 actions | 33:48)
5 Death Knight
2 Death Coil
3 Death Pact
» actions
| Assign group hotkey | 28 | |
| Basic commands | 1 | |
| Build / train | 80 | |
| Enter build submenu | 30 | |
| Enter hero's abilities submenu | 5 | |
| Remove unit from queue | 6 | |
| Right click | 862 | |
| Select / deselect | 425 | |
| Select group hotkey | 146 | |
| Use ability | 56 | |
1639 total
» units
| Acolyte | 23 | |
| Ghoul | 12 | |
| Crypt Fiend | 9 | |
| Frost Wyrm | 6 | |
50 total
» upgrades
| Web | 1 | |
| Creature Carapace | 1 | |
| Creature Attack | 1 | |
3 total
» buildings
| Ziggurat | 11 | |
| Crypt | 1 | |
| Altar of Darkness | 1 | |
| Tomb of Relics | 1 | |
| Graveyard | 1 | |
| Nerubian Tower | 2 | |
| Spirit Tower | 11 | |
| Halls of the Dead | 1 | |
| Sacrificial Pit | 1 | |
| Black Citadel | 1 | |
| Slaughterhouse | 1 | |
| Necropolis | 1 | |
| Boneyard | 2 | |
35 total
» build order
00:43 Ziggurat
00:45 Ziggurat
00:50 Crypt
01:02 Altar of Darkness
01:34 Tomb of Relics
01:54 Graveyard
02:37 Nerubian Tower
02:37 Nerubian Tower
03:28 Spirit Tower
03:54 Ziggurat
04:49 Spirit Tower
07:14 Ziggurat
08:22 Spirit Tower
08:25 Ziggurat
09:37 Ziggurat
09:39 Spirit Tower
10:18 Halls of the Dead
12:20 Spirit Tower
12:29 Ziggurat
17:57 Ziggurat
17:58 Ziggurat
18:19 Ziggurat
18:52 Spirit Tower
18:52 Spirit Tower
18:52 Spirit Tower
19:18 Spirit Tower
19:30 Spirit Tower
19:45 Ziggurat
20:37 Sacrificial Pit
23:26 Spirit Tower
24:24 Black Citadel
26:03 Slaughterhouse
27:16 Necropolis
28:48 Boneyard
29:04 Boneyard

»
chefboyardee (
yellow | 27 APM | 1208 actions | 44:37)
6 Mountain King
3 Storm Bolt
2 Bash
1 Avatar
» actions
| Basic commands | 1 | |
| Build / train | 95 | |
| Enter build submenu | 20 | |
| Enter hero's abilities submenu | 7 | |
| Give item / drop item | 2 | |
| Remove unit from queue | 4 | |
| Right click | 551 | |
| Select / deselect | 457 | |
| Use ability | 71 | |
1208 total
» units
| Peasant | 37 | |
| Rifleman | 8 | |
| Mortar Team | 13 | |
| Flying Machine | 7 | |
65 total
» upgrades
| Gunpowder | 1 | |
| Armor | 1 | |
| Long Rifles | 1 | |
| Flare | 1 | |
| Masonry | 1 | |
5 total
» buildings
| Altar of Kings | 2 | |
| Farm | 8 | |
| Barracks | 2 | |
| Blacksmith | 1 | |
| Arcane Vault | 1 | |
| Keep | 1 | |
| Scout Tower | 2 | |
| Arcane Tower | 2 | |
| Lumber Mill | 1 | |
| Workshop | 2 | |
22 total
» build order
00:15 Altar of Kings
00:17 Farm
01:19 Farm
01:25 Barracks
01:35 Barracks
01:59 Blacksmith
03:02 Farm
03:31 Farm
03:59 Farm
04:07 Arcane Vault
05:19 Keep
05:51 Scout Tower
06:30 Arcane Tower
06:33 Scout Tower
06:48 Farm
07:02 Arcane Tower
07:09 Lumber Mill
08:07 Workshop
08:11 Workshop
09:42 Farm
10:28 Farm
23:49 Altar of Kings
» items
| Scroll of Regeneration | 3 | |
| Lesser Clarity Potion | 3 | |
| Rod of Necromancy | 1 | |
| Scroll of Town Portal | 2 | |
| Potion of Healing | 2 | |
11 total
DPRK (
blue | 79 APM | 3512 actions | 44:37)
9 Archmage
3 Summon Water Elemental
3 Brilliance Aura
1 Mass Teleport
2 Blizzard
» actions
| Assign group hotkey | 67 | |
| Basic commands | 254 | |
| Build / train | 163 | |
| ESC pressed | 14 | |
| Enter build submenu | 43 | |
| Enter hero's abilities submenu | 9 | |
| Give item / drop item | 11 | |
| Right click | 1323 | |
| Select / deselect | 504 | |
| Select group hotkey | 856 | |
| Use ability | 268 | |
3512 total
» units
| Peasant | 15 | |
| Footman | 7 | |
| Dragonhawk Rider | 6 | |
| Gryphon Rider | 10 | |
38 total
» upgrades
| Defend | 1 | |
| Swords | 3 | |
| Armor | 3 | |
| Masonry | 3 | |
| Animal War Training | 1 | |
| Storm Hammers | 1 | |
| Lumber Harvesting | 2 | |
| Cloud | 1 | |
| Magic Sentry | 1 | |
| Backpack | 1 | |
| Gunpowder | 2 | |
| Plating | 2 | |
| Long Rifles | 1 | |
| Sorceress Training | 2 | |
| Control Magic | 2 | |
| Priest Training | 2 | |
28 total
» buildings
| Altar of Kings | 1 | |
| Barracks | 1 | |
| Farm | 6 | |
| Arcane Vault | 2 | |
| Scout Tower | 19 | |
| Arcane Tower | 13 | |
| Keep | 2 | |
| Lumber Mill | 1 | |
| Blacksmith | 1 | |
| Castle | 1 | |
| Gryphon Aviary | 2 | |
| Town Hall | 3 | |
| Guard Tower | 24 | |
| Arcane Sanctum | 1 | |
77 total
» build order
00:05 Altar of Kings
00:10 Barracks
00:13 Farm
01:04 Farm
01:34 Arcane Vault
01:37 Arcane Vault
02:09 Scout Tower
02:20 Farm
02:38 Arcane Tower
02:39 Arcane Tower
02:39 Arcane Tower
03:20 Farm
04:37 Keep
05:14 Farm
05:23 Lumber Mill
06:17 Blacksmith
07:54 Castle
08:31 Gryphon Aviary
08:33 Gryphon Aviary
10:58 Farm
12:10 Scout Tower
12:12 Scout Tower
12:13 Scout Tower
12:19 Town Hall
12:34 Scout Tower
12:38 Guard Tower
12:38 Guard Tower
12:38 Guard Tower
12:39 Guard Tower
12:39 Guard Tower
12:41 Scout Tower
12:43 Scout Tower
12:46 Scout Tower
12:47 Scout Tower
13:12 Guard Tower
13:13 Guard Tower
13:13 Guard Tower
13:18 Guard Tower
13:18 Guard Tower
13:18 Guard Tower
13:37 Guard Tower
14:16 Guard Tower
16:19 Guard Tower
16:23 Arcane Sanctum
18:01 Scout Tower
18:03 Scout Tower
20:19 Arcane Tower
20:26 Arcane Tower
20:26 Arcane Tower
25:53 Scout Tower
25:54 Scout Tower
25:54 Scout Tower
25:55 Scout Tower
25:57 Scout Tower
26:50 Guard Tower
26:50 Guard Tower
26:50 Guard Tower
27:52 Town Hall
29:00 Scout Tower
29:02 Scout Tower
30:06 Arcane Tower
30:06 Arcane Tower
30:12 Scout Tower
36:33 Arcane Tower
36:33 Arcane Tower
42:42 Town Hall
» items
| Staff of Teleportation | 1 | |
| Boots of Speed | 2 | |
| Scroll of Regeneration | 13 | |
| Scroll of Town Portal | 4 | |
| Mechanical Critter | 3 | |
| Potion of Healing | 3 | |
26 total
GeNERAL_187 (
teal | 64 APM | 2680 actions | 42:11)
8 Paladin
1 Holy Light
3 Devotion Aura
3 Divine Shield
1 Resurrection
» actions
| Assign group hotkey | 41 | |
| Basic commands | 3 | |
| Build / train | 120 | |
| Enter build submenu | 37 | |
| Enter hero's abilities submenu | 8 | |
| Give item / drop item | 2 | |
| Right click | 1350 | |
| Select / deselect | 484 | |
| Select group hotkey | 505 | |
| Use ability | 130 | |
2680 total
» units
| Peasant | 18 | |
| Rifleman | 16 | |
| Sorceress | 7 | |
| Priest | 5 | |
46 total
» upgrades
| Gunpowder | 2 | |
| Armor | 2 | |
| Long Rifles | 1 | |
| Sorceress Training | 2 | |
| Priest Training | 3 | |
| Magic Sentry | 1 | |
11 total
» buildings
| Farm | 12 | |
| Altar of Kings | 2 | |
| Lumber Mill | 1 | |
| Barracks | 2 | |
| Blacksmith | 1 | |
| Scout Tower | 4 | |
| Guard Tower | 10 | |
| Arcane Vault | 1 | |
| Keep | 2 | |
| Arcane Sanctum | 4 | |
| Castle | 3 | |
| Town Hall | 1 | |
| Ziggurat | 2 | |
| Boneyard | 1 | |
| Tomb of Relics | 1 | |
47 total
» build order
00:41 Farm
01:05 Altar of Kings
01:14 Altar of Kings
01:42 Farm
01:52 Lumber Mill
02:16 Barracks
02:25 Farm
02:39 Blacksmith
03:00 Scout Tower
03:13 Farm
03:25 Barracks
03:34 Guard Tower
03:34 Guard Tower
03:37 Arcane Vault
03:53 Farm
04:06 Scout Tower
04:39 Farm
05:34 Farm
06:35 Farm
07:17 Farm
07:51 Keep
07:51 Keep
09:15 Guard Tower
09:16 Guard Tower
09:52 Farm
10:41 Arcane Sanctum
10:43 Arcane Sanctum
11:33 Castle
11:33 Castle
12:11 Scout Tower
12:49 Arcane Sanctum
13:35 Town Hall
16:25 Arcane Sanctum
16:28 Farm
16:53 Guard Tower
16:53 Guard Tower
18:21 Scout Tower
20:13 Farm
20:20 Guard Tower
34:48 Ziggurat
34:50 Ziggurat
34:54 Boneyard
34:57 Tomb of Relics
» items
| Scroll of Regeneration | 2 | |
| Scroll of Town Portal | 2 | |
| Scroll of Protection | 1 | |
| Potion of Lesser Invulnerability | 1 | |
| Scroll of Healing | 1 | |
| Orb of Fire | 2 | |
9 total
team 2 (winner)

»
mcdoogle (
orange | 41 APM | 1299 actions | 31:29)
5 Blademaster
3 Wind Walk
2 Critical Strike
» actions
| Assign group hotkey | 11 | |
| Basic commands | 7 | |
| Build / train | 52 | |
| Enter build submenu | 25 | |
| Enter hero's abilities submenu | 5 | |
| Right click | 743 | |
| Select / deselect | 305 | |
| Select group hotkey | 39 | |
| Use ability | 112 | |
1299 total
» units
| Peon | 14 | |
| Grunt | 1 | |
| Troll Headhunter/Berserker | 9 | |
| Wind Rider | 7 | |
| Troll Batrider | 5 | |
36 total
» upgrades
| Ranged Weapons | 1 | |
| Spiked Barricades | 1 | |
2 total
» buildings
| Altar of Storms | 1 | |
| Orc Burrow | 14 | |
| Barracks | 1 | |
| War Mill | 1 | |
| Stronghold | 1 | |
| Voodoo Lounge | 1 | |
| Fortress | 1 | |
| Beastiary | 3 | |
| Watch Tower | 2 | |
| Great Hall | 1 | |
26 total
» build order
00:07 Altar of Storms
00:09 Orc Burrow
00:45 Barracks
01:32 War Mill
02:17 Orc Burrow
03:30 Stronghold
03:35 Orc Burrow
03:40 Voodoo Lounge
06:28 Fortress
06:31 Beastiary
06:32 Beastiary
08:26 Orc Burrow
08:31 Orc Burrow
08:59 Orc Burrow
12:18 Orc Burrow
12:21 Orc Burrow
13:00 Watch Tower
13:03 Watch Tower
13:43 Orc Burrow
14:41 Beastiary
20:52 Great Hall
24:21 Orc Burrow
24:23 Orc Burrow
25:57 Orc Burrow
28:54 Orc Burrow
29:40 Orc Burrow
» items
| Healing Salve | 2 | |
| Lesser Clarity Potion | 3 | |
| Boots of Speed | 1 | |
6 total

»
ciccone12 (
red | 31 APM | 981 actions | 31:20)
2 Blademaster
1 Wind Walk
1 Critical Strike
» actions
| Basic commands | 18 | |
| Build / train | 39 | |
| Enter build submenu | 23 | |
| Enter hero's abilities submenu | 2 | |
| Remove unit from queue | 4 | |
| Right click | 478 | |
| Select / deselect | 358 | |
| Use ability | 59 | |
981 total
» units
| Peon | 13 | |
| Grunt | 4 | |
| Demolisher | 1 | |
| Troll Headhunter/Berserker | 2 | |
20 total
» upgrades
| Ranged Weapons | 1 | |
| Armor | 1 | |
| Pillage | 1 | |
| Troll Regeneration | 1 | |
| Witch Doctor Training | 1 | |
5 total
» buildings
| Orc Burrow | 4 | |
| Altar of Storms | 2 | |
| War Mill | 1 | |
| Barracks | 3 | |
| Voodoo Lounge | 1 | |
| Watch Tower | 9 | |
| Stronghold | 1 | |
| Spirit Lodge | 2 | |
| Fortress | 1 | |
| Great Hall | 2 | |
26 total
» build order
01:22 Orc Burrow
01:26 Altar of Storms
01:50 War Mill
02:09 Barracks
02:29 Orc Burrow
02:32 Voodoo Lounge
04:20 Watch Tower
04:26 Watch Tower
05:33 Watch Tower
05:34 Watch Tower
06:32 Stronghold
06:48 Watch Tower
06:49 Watch Tower
07:35 Watch Tower
08:49 Barracks
10:09 Barracks
10:22 Spirit Lodge
10:28 Watch Tower
10:40 Watch Tower
11:27 Orc Burrow
13:48 Fortress
13:59 Spirit Lodge
21:55 Great Hall
23:48 Great Hall
27:59 Altar of Storms
29:31 Orc Burrow
» items
| Healing Salve | 3 | |
| Lesser Clarity Potion | 3 | |
| Scroll of Speed | 2 | |
8 total
Afghanlish (
purple | 40 APM | 1244 actions | 31:04)
8 Blademaster
3 Wind Walk
3 Critical Strike
1 Bladestorm
1 Mirror Image
» actions
| Basic commands | 3 | |
| Build / train | 66 | |
| ESC pressed | 14 | |
| Enter build submenu | 33 | |
| Enter hero's abilities submenu | 8 | |
| Give item / drop item | 2 | |
| Right click | 637 | |
| Select / deselect | 346 | |
| Use ability | 135 | |
1244 total
» units
| Peon | 10 | |
| Grunt | 4 | |
| Tauren | 5 | |
| Shaman | 4 | |
| Troll Batrider | 15 | |
38 total
» upgrades
| Melee Weapons | 3 | |
| Armor | 2 | |
| Shaman Training | 2 | |
| Pulverize | 1 | |
8 total
» buildings
| Altar of Storms | 1 | |
| Orc Burrow | 16 | |
| War Mill | 1 | |
| Barracks | 1 | |
| Watch Tower | 4 | |
| Stronghold | 1 | |
| Voodoo Lounge | 1 | |
| Fortress | 1 | |
| Spirit Lodge | 1 | |
| Tauren Totem | 2 | |
| Beastiary | 1 | |
| Great Hall | 1 | |
31 total
» build order
00:22 Altar of Storms
00:37 Orc Burrow
01:10 War Mill
01:43 Orc Burrow
01:49 Barracks
02:28 Watch Tower
02:56 Orc Burrow
03:25 Stronghold
04:46 Voodoo Lounge
05:37 Orc Burrow
05:53 Fortress
06:02 Spirit Lodge
06:46 Orc Burrow
08:18 Tauren Totem
08:27 Tauren Totem
09:08 Orc Burrow
10:12 Orc Burrow
14:38 Beastiary
21:56 Orc Burrow
21:57 Orc Burrow
22:59 Orc Burrow
23:06 Orc Burrow
24:30 Orc Burrow
24:32 Orc Burrow
24:34 Orc Burrow
24:36 Orc Burrow
24:41 Orc Burrow
27:27 Watch Tower
27:43 Watch Tower
28:51 Great Hall
29:10 Watch Tower
» items
| Healing Salve | 3 | |
| Potion of Healing | 2 | |
| Orb of Lightning | 1 | |
| Scroll of Town Portal | 2 | |
| Lesser Clarity Potion | 1 | |
9 total
6UG (
pink | 75 APM | 3339 actions | 44:38)
10 Blood Mage
3 Flame Strike
3 Siphon Mana
1 Summon Phoenix
3 Banish
» actions
| Assign group hotkey | 401 | |
| Basic commands | 22 | |
| Build / train | 126 | |
| Enter build submenu | 50 | |
| Enter hero's abilities submenu | 10 | |
| Give item / drop item | 3 | |
| Remove unit from queue | 1 | |
| Right click | 1213 | |
| Select / deselect | 474 | |
| Select group hotkey | 843 | |
| Use ability | 196 | |
3339 total
» units
| Peasant | 12 | |
| Footman | 6 | |
| Sorceress | 2 | |
| Gryphon Rider | 12 | |
32 total
» upgrades
| Sorceress Training | 1 | |
| Magic Sentry | 1 | |
| Lumber Harvesting | 1 | |
| Masonry | 3 | |
| Swords | 3 | |
| Armor | 4 | |
| Animal War Training | 1 | |
| Storm Hammers | 1 | |
15 total
» buildings
| Altar of Kings | 1 | |
| Barracks | 1 | |
| Farm | 9 | |
| Keep | 2 | |
| Arcane Vault | 2 | |
| Lumber Mill | 2 | |
| Scout Tower | 44 | |
| Guard Tower | 11 | |
| Arcane Tower | 4 | |
| Arcane Sanctum | 1 | |
| Castle | 1 | |
| Gryphon Aviary | 4 | |
| Blacksmith | 2 | |
| Town Hall | 4 | |
| Altar of Storms | 1 | |
89 total
» build order
00:47 Altar of Kings
00:50 Barracks
01:01 Farm
01:13 Farm
01:13 Farm
01:16 Farm
02:18 Farm
03:21 Keep
03:37 Arcane Vault
03:42 Lumber Mill
03:49 Farm
04:41 Scout Tower
04:42 Scout Tower
04:43 Scout Tower
04:46 Scout Tower
04:58 Scout Tower
05:00 Scout Tower
05:01 Scout Tower
05:05 Scout Tower
05:08 Scout Tower
05:19 Guard Tower
05:36 Guard Tower
05:40 Scout Tower
05:42 Scout Tower
05:45 Arcane Tower
05:47 Arcane Tower
05:49 Guard Tower
06:27 Arcane Sanctum
06:32 Arcane Tower
06:34 Guard Tower
10:19 Castle
11:45 Gryphon Aviary
11:47 Farm
11:51 Gryphon Aviary
11:54 Farm
11:56 Farm
14:52 Blacksmith
14:54 Blacksmith
15:41 Town Hall
15:43 Town Hall
15:49 Scout Tower
15:50 Scout Tower
15:51 Scout Tower
15:52 Scout Tower
15:53 Scout Tower
15:54 Scout Tower
15:55 Scout Tower
15:56 Scout Tower
15:57 Scout Tower
15:58 Scout Tower
15:59 Scout Tower
15:59 Scout Tower
16:01 Scout Tower
16:02 Scout Tower
16:04 Scout Tower
16:05 Scout Tower
16:14 Scout Tower
16:15 Scout Tower
16:17 Scout Tower
16:18 Scout Tower
16:21 Scout Tower
16:25 Lumber Mill
16:42 Guard Tower
16:53 Arcane Vault
16:58 Guard Tower
17:08 Guard Tower
17:55 Guard Tower
18:10 Guard Tower
19:15 Guard Tower
24:50 Town Hall
27:19 Gryphon Aviary
27:20 Gryphon Aviary
33:16 Town Hall
33:24 Scout Tower
33:24 Scout Tower
33:25 Scout Tower
33:25 Scout Tower
33:26 Scout Tower
33:27 Scout Tower
33:27 Scout Tower
33:27 Scout Tower
33:28 Scout Tower
33:28 Scout Tower
33:29 Scout Tower
33:29 Scout Tower
33:43 Altar of Storms
35:16 Guard Tower
36:12 Arcane Tower
» items
| Scroll of Regeneration | 14 | |
| Boots of Speed | 1 | |
| Staff of Teleportation | 1 | |
| Periapt of Vitality | 1 | |
| Potion of Invisibility | 1 | |
| Potion of Healing | 10 | |
| Potion of Mana | 6 | |
| Lesser Clarity Potion | 8 | |
| Scroll of Town Portal | 7 | |
49 total
Chat log
(00:05 / Allies) Afghanlish: red
(00:06 / All) 6UG: fucking sonnen
(00:07 / Allies) Afghanlish: u italian
(00:16 / All) DPRK: worship dprk glroious nordkorea people republic hail naenara.com.kp
(00:16 / All) 6UG: fail spinning back elbow
(00:17 / Allies) ciccone12: brazil
(00:18 / All) DPRK: nord korea #1
(00:20 / All) DPRK: kim il sung hail
(00:23 / All) DPRK: kim jong un hail
(00:28 / All) Afghanlish: fuck north korea
(00:31 / All) Afghanlish: and fuck u asian fucks
(00:41 / All) DPRK: check naenara.com.kp north korea is best korea
(00:42 / All) Afghanlish: italy for life
(00:44 / Allies) ciccone12: rush ok?
(00:49 / Allies) Afghanlish: red are you italian
(00:53 / Allies) Afghanlish: ciccone12 italy?
(00:56 / Allies) ciccone12: no
(00:59 / Allies) ciccone12: brazil
(01:01 / Allies) Afghanlish: oooh that italian name
(01:04 / Allies) Afghanlish: red u hate asians?
(01:10 / All) 6UG: don't think that since I undersatnd I care
(01:10 / All) MaggotFetus: im fine...
(01:29 / Allies) ciccone12: rush ok
(01:30 / Allies) ciccone12: ?
(01:35 / Allies) mcdoogle: kk
(01:36 / Allies) Afghanlish: dont be stupid or ill bs
(01:39 / Allies) ciccone12: i love game fast
(01:46 / Allies) Afghanlish: red im gonna kill u
(01:52 / Allies) ciccone12: ?
(01:53 / Allies) Afghanlish: i dont want to rush
(01:55 / Allies) Afghanlish: fuck you faggot
(01:59 / Allies) ciccone12: ;/
(02:03 / Allies) Afghanlish: u build late
(02:09 / Allies) Afghanlish: asnwer my question
(02:12 / Allies) Afghanlish: do u hate asians?
(02:19 / Allies) ciccone12: i no noob
(02:32 / Allies) Afghanlish: answer me do u hate asians or no?
(02:36 / Allies) ciccone12: no
(02:39 / Allies) ciccone12: i brazil
(02:48 / Allies) Afghanlish: do you like chinesee people?
(03:01 / Allies) ciccone12: my familly ciccone is italy
(03:05 / Allies) ciccone12: harder
(03:08 / Allies) Afghanlish: iam italy
(03:10 / Allies) ciccone12: alemã
(03:15 / Allies) Afghanlish: speak proper english or ill kill you
(03:21 / Allies) ciccone12: ok
(03:37 / All) MaggotFetus: Fail
(03:44 / Allies) Afghanlish: i go taurens
(04:56 / Allies) ciccone12: proteck
(05:46 / Allies) ciccone12: fk
(05:50 / Allies) ciccone12: dk
(05:59 / Allies) Afghanlish: dont make melee
(06:00 / Allies) Afghanlish: i go melee
(06:19 / Allies) Afghanlish: back
(06:21 / Allies) Afghanlish: fucking noob
(06:29 / Allies) ciccone12: fail
(06:33 / Allies) Afghanlish: fu
(06:51 / All) DPRK: sup son I have defend, sick burrows
(06:59 / All) DPRK: nice hh piercing damage
(08:39 / Allies) ciccone12: i rager
(08:39 / All) 6UG: Hail to the King, baby!
(08:47 / All) DPRK: Hail to the King
(08:59 / Allies) ciccone12: pink
(09:02 / Allies) Afghanlish: wat
(09:03 / Allies) ciccone12: used fire
(09:32 / Allies) Afghanlish: hero
(09:33 / Allies) Afghanlish: hero
(10:04 / Allies) 6UG: gold buds|
(10:06 / Allies) 6UG: lumber?
(10:22 / Allies) 6UG: need gold, buds
(10:35 / All) 6UG: mortars tsk tsk
(10:44 / All) 6UG: that should put a damper on your plans
(11:37 / All) 6UG: Assraped
(11:40 / All) 6UG: and annihilated
(12:23 / Allies) Afghanlish: do something
(12:34 / Allies) 6UG: I am, are you blind? I just killed EVERY peasant of yellow's
(12:36 / Allies) 6UG: killed greens hall
(12:38 / Allies) 6UG: *
(12:39 / Allies) 6UG: gold mine
(12:42 / Allies) Afghanlish: make units
(12:46 / Allies) 6UG: I am asshole
(12:50 / Allies) 6UG: YOU DO SOEMTHING
(12:51 / Allies) Afghanlish: yo stfu
(12:55 / Allies) Afghanlish: i did more than u
(12:56 / All) 6UG: who is doing mroe thsi game|
(12:59 / All) 6UG: me or purple?
(13:12 / All) Afghanlish: this kids fucke
(13:13 / All) Afghanlish: fukced
(13:15 / All) Afghanlish: massing towers
(13:22 / All) Afghanlish: and foots at t3
(13:23 / All) 6UG: who has done more this gam,e, me or purple?
(13:26 / All) Afghanlish: fucking fag
(13:27 / Allies) ciccone12: auhuahua
(13:32 / All) DPRK: you
(13:33 / All) DPRK: definitely
(13:34 / All) DPRK: purp sucks
(13:47 / All) Afghanlish: blue fuck u fag
(13:49 / All) Afghanlish: u suck shit
(14:04 / All) DPRK: we will see who getst he last laugh
(14:09 / All) Afghanlish: ok
(14:34 / Allies) Afghanlish: i dont have aa
(14:50 / Allies) Afghanlish: pink cmon
(14:52 / Allies) Afghanlish: i dont have aa
(14:53 / All) DPRK: e
(14:54 / All) DPRK: z
(15:33 / Allies) Afghanlish: no aa.
(15:41 / All) DPRK: mass tp tyvm
(16:28 / Allies) 6UG: gold
(16:37 / Allies) ciccone12: younohelp my base
(16:57 / Allies) ciccone12: gold
(18:00 / Allies) ciccone12: lumber
(18:04 / Allies) ciccone12: 52
(18:15 / Allies) 6UG: gold
(18:26 / Allies) ciccone12: lumber pink
(18:30 / All) DPRK: sup babe
(18:33 / All) DPRK: you can leave now
(18:35 / All) DPRK: purple
(18:47 / All) DPRK: amove amove amove amove ex
(18:51 / Allies) ciccone12: lumber 100
(19:01 / All) DPRK: nice try
(19:13 / All) DPRK: lol
(19:15 / Allies) ciccone12: pink lumber
(19:17 / Allies) ciccone12: fuck
(19:17 / All) Afghanlish: u see
(19:20 / Allies) ciccone12: mine
(19:22 / All) DPRK: you cleared my food to 40 so now I can make more dhawks
(19:27 / All) Afghanlish: blueee
(19:28 / All) Afghanlish: u win
(19:31 / All) Afghanlish: noob allies
(19:35 / All) Afghanlish: i lost all taurens cause of them
(19:40 / All) Afghanlish: yaaa u win my bad
(19:43 / All) Afghanlish: fucking allies im gonna tk
(19:44 / All) DPRK: or because you went ground versus heavy air
(19:45 / All) Afghanlish: free win for u
(19:46 / All) DPRK: and you're awful
(19:50 / All) Afghanlish: noo
(19:53 / All) Afghanlish: i was on my hero
(19:55 / All) DPRK: i doubt you could bs if you wanted to
(19:56 / All) Afghanlish: i had bats too
(20:11 / All) DPRK: bats that you are awful at microing with
(20:14 / All) DPRK: conviction on 1 unit
(20:16 / All) DPRK: instead of spread
(20:18 / All) DPRK: for aoe
(20:29 / All) Afghanlish: pink is just chilling
(20:29 / Allies) ciccone12: pink no heal
(20:32 / Allies) ciccone12: pink
(20:35 / Allies) ciccone12: you no team
(20:36 / All) Afghanlish: listen to wut im saying he aint helping
(20:39 / Allies) ciccone12: you play solo
(20:49 / Allies) Afghanlish: help
(20:50 / All) DPRK: pink was the best player on your team
(20:57 / All) Afghanlish: hes not helping
(21:06 / All) 6UG: STICK AND MOVE
(21:19 / All) DPRK: I got 6k to remax what about you?
(21:25 / All) Afghanlish: 1.5 k
(21:28 / All) DPRK: lol
(22:13 / Allies) Afghanlish: pink ur ban from azeroth
(22:15 / Allies) Afghanlish: i fuck u faggot
(22:20 / Allies) 6UG: k
(22:27 / Allies) Afghanlish: help
(22:28 / All) 6UG: I'm ban from azeroth
(22:33 / All) 6UG: purple says
(22:36 / All) DPRK: lol
(22:41 / All) 6UG: don't know why
(22:42 / All) DPRK: What for, being a better player?
(22:45 / All) Afghanlish: blue wanna face me for 1on1
(22:49 / All) DPRK: sure
(22:52 / All) DPRK: you will pus out
(22:54 / All) Afghanlish: ok
(22:55 / All) DPRK: they always do
(22:57 / All) Afghanlish: dodge faggot
(23:01 / Allies) ciccone12: purple
(23:02 / All) Afghanlish: faggot
(23:03 / Allies) ciccone12: help me
(23:10 / Allies) Afghanlish: no units pink let them die
(23:10 / Allies) ciccone12: I one peon
(23:11 / All) DPRK: purple, people dodge me almost every time. you will do the same. I am always up for a fight.
(23:25 / All) Afghanlish: i dont even know u faggot
(23:28 / All) Afghanlish: u suck so much
(23:31 / All) Afghanlish: i had no allies
(23:31 / All) DPRK: sup son
(23:46 / Allies) Afghanlish: \help
(24:27 / All) 6UG: gonna be close yellow
(24:29 / All) 6UG: aww
(24:40 / Allies) ciccone12: pink gold
(24:41 / Allies) ciccone12: ?
(24:43 / Allies) ciccone12: mine
(24:44 / All) DPRK: lol no cancel on that burrow
(24:53 / All) DPRK: aww almost got another
(24:54 / All) DPRK: so fucking bad
(24:55 / All) Afghanlish: faggot
(24:56 / All) DPRK: kill yourself
(25:00 / All) Afghanlish: ur so bad
(25:08 / All) DPRK: I just raped every burrow of yours again
(25:12 / All) DPRK: With no resistance
(25:14 / All) DPRK: You just bended over
(25:15 / All) DPRK: and took it
(25:37 / All) DPRK: sup son
(25:38 / All) DPRK: you can leave now
(25:39 / All) DPRK: purple
(25:42 / All) Afghanlish: no
(26:06 / Allies) ciccone12: purple gold?
(26:08 / Allies) ciccone12: 150
(26:14 / All) Afghanlish: pussy
(26:15 / Allies) mcdoogle: pink has 4.2k
(26:16 / All) Afghanlish: units vs hero
(26:29 / All) DPRK: nice peons
(27:14 / Allies) ciccone12: purple help orange
(27:55 / Allies) Afghanlish: pink help[ me get that please we on same team
(28:14 / Allies) ciccone12: lumber
(28:29 / Allies) ciccone12: take
(28:32 / Allies) Afghanlish: ty
(28:37 / All) DPRK: sup again babe
(28:45 / All) DPRK: having a good time? I am
(28:55 / Allies) Afghanlish: hold me red
(28:56 / Allies) Afghanlish: for towers
(29:07 / Allies) Afghanlish: orange gold me
(29:09 / Allies) ciccone12: lumber
(29:30 / All) DPRK: sup
(29:33 / Allies) Afghanlish: pink please
(29:48 / All) DPRK: were those your last peons
(29:52 / All) DPRK: ????
(29:53 / All) Afghanlish: nope
(30:06 / Allies) ciccone12: no purple
(30:12 / Allies) ciccone12: hero dead
(30:26 / Allies) ciccone12: stop purple
(30:28 / Allies) 6UG: dumb nigger purple
(30:32 / All) DPRK: Is your team enjoying hide and seek
(30:33 / All) DPRK: ???????
(30:41 / All) DPRK: sup red
(31:05 / All) ciccone12: revive hero peace
(31:08 / All) ciccone12: no peons
(31:08 / All) chefboyardee: BITCH ASS NIGGA
(31:10 / All) DPRK: purple ragequitted :(
(31:13 / All) chefboyardee: JUST KILELD PURPS HERO
(31:15 / All) DPRK: GET OUT SCRUBS
(31:31 / All) 6UG: purple such a whiny bitch lol
(31:36 / All) 6UG: he tried to kill my expo
(31:55 / All) DPRK: stabbing now
(31:59 / All) DPRK: bye bye teal!
(32:02 / All) DPRK: should have golded me
(32:29 / All) DPRK: You can all leave now, green yellow teal. You lost.
(33:10 / All) DPRK: No mercy yellow
(33:11 / All) DPRK: lol
(33:15 / All) DPRK: Thanks for the resources though
(33:48 / All) DPRK: get the fuck out scrub
(34:02 / All) DPRK: 1 aco nice
(35:36 / All) DPRK: LAG OUT PLEASE
(35:36 / All) DPRK: aww
(37:30 / All) DPRK: Yes we do, we do this all the time. You are just another victim
(38:17 / All) chefboyardee: lol
(38:24 / All) 6UG: gg nubs leave
(38:28 / All) chefboyardee: so how do u settle it now?
(38:39 / All) 6UG: you're gonna lose
(38:40 / All) DPRK: My team loses since his left
(39:01 / All) chefboyardee: realy?
(39:05 / All) DPRK: Leave and you get a tie
(39:07 / All) DPRK: Stay you get a loss
(39:10 / All) DPRK: Sound fair?
(39:21 / All) chefboyardee: ur prolly lying
(39:32 / All) DPRK: No lying
(39:35 / All) chefboyardee: ill minimize
(39:42 / All) DPRK: You won't
(39:43 / All) DPRK: They never do
(39:54 / All) chefboyardee: ill just play skyrim
(39:57 / All) chefboyardee: see ya
(40:00 / All) DPRK: Bye
(40:03 / All) DPRK: Fap to your waifu mods please
(40:53 / All) DPRK: out
(41:00 / All) DPRK: This was an easy game. I didn't even have to go over 50 food
(41:06 / All) 6UG: me neither
(41:08 / All) DPRK: Mass TP is ridiculously overpowered
(41:19 / All) 6UG: my team sure sucked
(41:21 / All) DPRK: only thing worse was the "create goldmine" mk ultimate and the flying noob elf hero in the alpha
(41:30 / All) DPRK: purp thought he was pro, he sucked
(41:32 / All) 6UG: lol
(41:34 / All) DPRK: never noticed mechanical critter
(41:37 / All) 6UG: he was whiny as fuck
(41:43 / All) DPRK: yeah
(41:44 / All) 6UG: after I killed green's gold mine
(41:52 / All) 6UG: then killed every peon of yellow's he told me to do something
(41:57 / All) 6UG: I killed yellow's entire army with a blood mage
(42:01 / All) DPRK: lol
(42:07 / All) 6UG: purple is 5-9
(42:18 / All) DPRK: Ud are easiest to kill with blood mages generally, there are so many bad ud on ladder
(42:22 / All) DPRK: the pro ud are beautiful to watch
(42:27 / All) DPRK: bad UD are the worst
(42:35 / All) 6UG: yellow was rifs and morts
(42:41 / All) 6UG: his hero was weak when I hit
(42:50 / All) 6UG: almost killed with flamestrike he used health pot
(42:54 / All) DPRK: Yeah, it's more surprising since he's hu
(42:58 / All) DPRK: most hu know where the M key is
(43:01 / All) 6UG: killed that with phoenix and BM and then wasted his whole army
(43:02 / All) DPRK: at least
(43:06 / All) DPRK: most UD just amove fiends and wyrms
(43:25 / All) DPRK: Almost down to the last building(s). Any last words yellow?
(43:34 / All) DPRK: Or still fapping to shitty Nexus Skyrim mods?
(44:18 / All) DPRK: I sent an extra mechanical critter in case purp found my skink but I doubt he knew what a mechanical critter was
(44:21 / All) DPRK: or had ever seen mass tp before